Map: [EWC] Goldenaura

Players

Clem - Winner!

  • Race: Terran Terran
  • Spawn Location: 5:00

Reynor

  • Race: Zerg Zerg
  • Spawn Location: 12:00

Event: Esports World Cup 2024

VOD

Have the link to the VOD?

Description

Time

  • Played on: Aug. 15, 2024, 8:34 a.m.
  • Length: 19:27

All games in this series

Show
View Real Time Build Order
Export as new Build Order

Clem Terran - Winner!

Build Orders: 2 Factory, Hellion Opening, Reaper Expand 

Get SALT Encoding   

  12  0:00  SCV  
  13  0:12  SCV  
  14  0:17  Supply Depot  
  14  0:24  SCV  
  15  0:38  SCV  
  15  0:39  Barracks  
  16  0:44  Refinery  
  16  0:50  SCV  
  17  1:02  SCV  
  18  1:15  SCV  
  19  1:26  Reaper  
  19  1:27  Orbital Command  
  20  1:39  Command Center  
  20  1:48  Supply Depot  
  20  1:53  SCV  
  21  1:58  Marine  
  22  2:05  SCV  
  23  2:12  Factory  
  23  2:17  SCV  
  23  2:20  Barracks Reactor  
  24  2:29  SCV  
  25  2:40  Command Center  
  25  2:42  SCV  
  26  2:51  Orbital Command  
  26  2:54  SCV  
  27  3:03  Factory  
  27  3:06  SCV  
  27  3:08  Hellion  
  30  3:13  Hellion  
  30  3:17  SCV  
  30  3:18  SCV  
  34  3:21  Refinery  
  34  3:22  Marine  
  35  3:29  SCV  
  35  3:31  SCV  
  35  3:32  Hellion  
  39  3:35  Hellion  
  39  3:41  SCV  
  42  3:43  SCV  
  42  3:44  Barracks Tech Lab  
  42  3:46  Factory Tech Lab  
  43  3:53  Orbital Command, SCV  
  44  3:57  SCV  
  44  3:58  Hellion x2  
  49  4:04  Hurricane Engines  
  49  4:06  Supply Depot  
  49  4:07  SCV  
  49  4:08  Cyclone  
  52  4:11  SCV  
  53  4:18  SCV  
  53  4:20  Cyclone x2  
  53  4:23  SCV  
  59  4:29  SCV  
  61  4:31  SCV  
  61  4:32  Supply Depot  
  61  4:35  SCV  
  61  4:37  Barracks  
  62  4:40  Cyclone  
  62  4:41  Barracks  
  62  4:45  SCV x2  
  66  4:47  Refinery  
  66  4:48  SCV  
  66  4:52  Cyclone  
  69  4:53  Cyclone  
  69  4:54  Marine  
  69  4:55  Supply Depot  
  69  4:57  SCV  
  73  5:00  Refinery  
  73  5:02  Orbital Command  
  73  5:03  Engineering Bay  
  73  5:05  Engineering Bay  
  73  5:06  SCV  
  74  5:09  Stimpack  
  74  5:11  SCV  
  74  5:12  Marine  
  76  5:17  Supply Depot  
  76  5:18  SCV  
  76  5:21  Cyclone  
  79  5:30  Starport, Hellion  
  79  5:31  SCV, Hellion  
  79  5:34  SCV  
  85  5:38  Supply Depot, SCV  
  85  5:40  Barracks Reactor x2  
  86  5:43  SCV  
  86  5:46  SCV, Marine  
  89  5:50  SCV, Barracks  
  89  5:52  Barracks  
  90  5:59  Hellion x2  
  90  6:00  Hellion  
  90  6:03  SCV  
  95  6:04  Marine  
  95  6:05  SCV  
  95  6:09  Terran Infantry Weapons Level 1, Terran Infantry Armor Level 1  
  95  6:11  SCV  
  95  6:15  SCV  
  95  6:16  Marine  
  95  6:17  Marine x2  
  93  6:19  SCV, Marine  
  93  6:21  Hellion  
  93  6:23  SCV  
  93  6:24  Starport Reactor  
  90  6:25  Marine  
  90  6:26  Supply Depot  
  90  6:27  SCV  
  90  6:31  Siege Tank  
  90  6:32  SCV  
  96  6:34  Marine  
  96  6:35  SCV  
  96  6:38  Widow Mine  
  98  6:40  Supply Depot  
  98  6:41  Barracks Reactor  
  98  6:42  Barracks Reactor  
  98  6:43  Marine  
  98  6:44  Marine, Marauder  
  98  6:46  Marine  
  97  6:48  Widow Mine  
  97  6:50  SCV  
  97  6:53  SCV  
  101  6:55  Supply Depot, SCV  
  101  6:58  Supply Depot  
  101  7:01  Supply Depot, Hellion  
  100  7:02  Medivac  
  100  7:04  Medivac  
  100  7:06  Marine  
  105  7:13  Marine  
  105  7:14  Siege Tank  
  94  7:18  Marine x6  
  94  7:19  Marine  
  92  7:24  SCV, Marine, Widow Mine x2  
  92  7:26  SCV x2  
  98  7:31  Marine  
  98  7:32  Armory  
  98  7:34  Refinery  
  98  7:35  Supply Depot, Marine x2  
  98  7:36  SCV, Marine x2  
  104  7:38  SCV  
  104  7:39  Supply Depot, Marine x2  
  104  7:41  Marine  
  104  7:42  SCV  
  109  7:45  Widow Mine  
  109  7:49  Command Center  
  109  7:51  Widow Mine  
  113  7:55  Marine  
  113  7:57  Siege Tank, Marine x3  
  113  7:58  Marine  
  121  7:59  Supply Depot  
  121  8:01  Combat Shield  
  121  8:03  Marine x2  
  121  8:04  Marine, Refinery  
  121  8:05  Marine  
  125  8:08  Widow Mine  
  125  8:12  Medivac  
  128  8:13  Marine  
  128  8:14  Widow Mine  
  128  8:15  Marine  
  127  8:21  Drilling Claws  
  127  8:24  SCV, Barracks  
  127  8:25  Marine x2, Barracks  
  128  8:27  Barracks  
  128  8:29  Supply Depot, Terran Infantry Weapons Level 2  
  128  8:30  Marine  
  128  8:31  Marine x2  
  128  8:32  Marine x2  
  128  8:34  Marine  
  134  8:36  Widow Mine  
  134  8:37  Marine  
  137  8:42  Widow Mine x2  
  137  8:43  Marine  
  137  8:44  Marine  
  137  8:48  Marine  
  144  8:49  Marine x2, Terran Infantry Armor Level 2  
  144  8:52  Marine x2  
  144  8:55  Medivac  
  150  8:58  Marine, Widow Mine  
  152  9:03  Marine x2  
  152  9:04  Sensor Tower, Widow Mine  
  152  9:05  Marine  
  152  9:06  Marine  
  152  9:07  Marine  
  152  9:09  Marine, Widow Mine  
  157  9:10  Marine x2  
  157  9:17  Barracks Tech Lab, Marine x3, Medivac  
  160  9:21  Planetary Fortress  
  139  9:25  Marine, Widow Mine  
  139  9:27  Marine, Widow Mine  
  139  9:28  Marine x3  
  139  9:30  Marine x3  
  138  9:31  SCV  
  138  9:32  Terran Vehicle And Ship Armor Level 1  
  138  9:33  SCV  
  138  9:34  Marine  
  138  9:36  Marauder  
  138  9:38  Widow Mine  
  143  9:44  Barracks Tech Lab  
  142  9:45  Barracks Tech Lab, Concussive Shells  
  142  9:46  Marine x2  
  142  9:49  SCV, Marauder, Widow Mine  
  149  9:55  Marine x3, Medivac  
  149  9:56  Marine x2  
  149  9:59  Command Center  
  156  10:01  SCV x2  
  156  10:02  SCV x2  
  160  10:07  Supply Depot  
  160  10:09  Widow Mine  
  160  10:10  Marine x2, Widow Mine, Medivac  
  160  10:11  Marine  
  160  10:13  Marine  
  163  10:14  Marine x2  
  163  10:16  Widow Mine  
  163  10:17  Marine  
  163  10:18  Marauder  
  161  10:25  Medivac  
  163  10:29  Marauder  
  163  10:36  Marine x3  
  163  10:40  Command Center  
  165  10:43  Marine, Marauder x2  
  165  10:44  Ghost Academy, Marauder  
  165  10:45  Medivac  
  165  10:49  Terran Infantry Weapons Level 3  
  174  10:52  Widow Mine  
  174  10:54  Medivac  
  174  10:56  Missile Turret, Widow Mine  
  180  10:59  Refinery, Marauder  
  181  11:04  Marine x2, Widow Mine  
  181  11:05  Marine  
  181  11:07  Marine x2  
  186  11:14  Ghost, Widow Mine  
  186  11:15  Medivac  
  186  11:17  Marine, Widow Mine  
  181  11:22  Marine x3  
  171  11:26  Widow Mine  
  171  11:27  Marine x2  
  171  11:30  Marine  
  172  11:33  Medivac  
  172  11:35  Widow Mine  
  172  11:38  Marine x2  
  172  11:39  Marine  
  171  11:42  Marine x2  
  171  11:43  Marine  
  171  11:44  Marine x2  
  171  11:45  Marauder, Medivac  
  169  11:47  Marine x3  
  169  11:53  Widow Mine  
  168  11:55  Marine  
  168  11:56  SCV, Ghost  
  168  11:58  SCV  
  168  12:00  SCV  
  156  12:02  SCV  
  156  12:03  Medivac  
  156  12:08  Marine x2, Widow Mine  
  159  12:10  Terran Infantry Armor Level 3  
  159  12:11  Marine  
  159  12:12  Marine, Widow Mine  
  159  12:13  Marine x2  
  159  12:14  SCV  
  159  12:16  Marine x2  
  159  12:17  SCV, Widow Mine  
  159  12:18  SCV  
  159  12:20  Marine  
  166  12:27  Marine  
  166  12:29  Marine, Widow Mine  
  169  12:31  SCV x4  
  169  12:33  Widow Mine  
  169  12:34  Marine x2  
  169  12:35  Marine x2  
  169  12:36  Marauder x2  
  184  12:38  Widow Mine  
  184  12:39  Marauder  
  184  12:43  SCV x3, Ghost  
  193  12:45  Marine x2  
  195  12:51  Orbital Command, Marine  
  195  12:55  Marine, Widow Mine  
  195  12:56  Marine, Ghost  
  195  12:57  Marauder  
  195  12:58  Marine x2  
  190  12:59  Marine  
  190  13:01  Marauder  
  194  13:07  Marine  
  189  13:15  Supply Depot  
  189  13:16  Supply Depot  
  189  13:19  SCV  
  179  13:21  Ghost  
  179  13:22  SCV, Marine x3  
  179  13:23  Marauder  
  179  13:27  Refinery  
  179  13:32  Planetary Fortress  
  179  13:37  Marine, Marauder, Widow Mine  
  179  13:41  Marine x2, Marauder  
  186  13:42  Sensor Tower  
  186  13:44  Marine, Medivac  
  186  13:45  Marine, Widow Mine  
  192  13:48  Ghost  
  194  13:56  SCV, Sensor Tower  
  194  13:57  Missile Turret  
  195  14:11  Personal Cloaking  
  195  14:19  Refinery  
  195  14:20  Supply Depot, Refinery  
  195  14:24  Marine x2  
  195  14:30  Engineering Bay  
  195  14:32  Refinery  
  195  14:34  Widow Mine  
  195  14:37  Marauder  
  195  14:38  Marauder, Medivac  
  195  14:41  Marauder, Widow Mine  
  195  14:44  Command Center  
  200  14:45  Widow Mine  
  200  14:48  Marine x4  
  200  14:50  Marauder  
  195  14:53  Marine x2  
  195  14:55  SCV, Widow Mine  
  190  15:07  Marine x2  
  190  15:09  Marauder x2  
  196  15:16  Command Center, Widow Mine  
  196  15:17  Fusion Core, Starport, Ghost  
  200  15:27  Command Center  
  200  15:34  SCV  
  200  15:35  Marine x2  
  186  15:36  Marauder  
  186  15:40  SCV  
  181  15:44  Marine, Widow Mine  
  181  15:46  Liberator x2, Widow Mine  
  181  15:47  SCV  
  193  16:02  Ghost  
  194  16:04  SCV  
  194  16:05  Orbital Command  
  194  16:07  Advanced Ballistics  
  194  16:08  Starport Reactor  
  195  16:12  Marine  
  195  16:13  Widow Mine  
  195  16:14  SCV  
  195  16:17  Marine  
  196  16:28  Liberator  
  199  16:37  Missile Turret  
  196  16:57  Marauder  
  196  17:02  Ghost x2  
  196  17:05  Marine x2  
  196  17:06  Marine, Widow Mine  
  195  17:09  Marine x2, Marauder  
  195  17:11  Liberator  
  195  17:13  Widow Mine  
  186  17:18  Liberator x2  
  186  17:19  Marauder  
  186  17:20  Liberator  
  191  17:30  Ghost x2  
  191  17:31  Marine  
  193  17:40  Marauder  
  193  17:43  Widow Mine  
  184  17:46  Barracks Tech Lab  
  168  17:52  Marine x2  
  168  17:53  Liberator  
  168  17:54  Cyclone x2  
  168  17:56  SCV  
  168  17:58  Ghost  
  176  17:59  SCV, Ghost  
  176  18:00  Liberator  
  176  18:01  Liberator, Ghost  
  176  18:03  SCV x2  
  176  18:04  Widow Mine  
  176  18:05  SCV  
  193  18:09  Liberator  
  193  18:10  Marine  
  193  18:12  Marine  
  195  18:21  Marauder  
  195  18:22  Planetary Fortress  
  194  18:30  Marine  
  194  18:34  Marauder  
  197  18:35  SCV  
  197  18:38  SCV, Missile Turret  
  197  18:39  SCV  
  200  18:42  Missile Turret  
  199  18:57  Command Center  
Show
View Real Time Build Order
Export as new Build Order

Reynor Zerg 

Build Orders: Hatch First, Lurkers 

Get SALT Encoding   

  12  0:00  Drone  
  13  0:11  Overlord  
  13  0:16  Drone  
  14  0:30  Drone x2  
  16  0:47  Hatchery  
  15  0:51  Drone  
  15  0:55  Drone  
  17  0:59  Drone  
  18  1:09  Extractor  
  17  1:13  Spawning Pool  
  17  1:16  Drone  
  17  1:20  Drone  
  18  1:27  Drone  
  19  1:38  Drone  
  20  1:49  Drone  
  21  2:00  Zergling x2, Queen x2  
  21  2:01  Zergling x2  
  27  2:10  Overlord  
  27  2:11  Drone  
  28  2:29  Drone  
  30  2:30  Drone  
  30  2:32  Drone  
  30  2:33  Drone  
  30  2:35  Queen  
  33  2:45  Hatchery  
  33  2:46  Metabolic Boost  
  32  2:51  Overlord  
  32  2:54  Drone  
  32  2:56  Drone  
  34  2:58  Drone  
  35  3:08  Overlord  
  35  3:09  Queen  
  35  3:11  Drone x2  
  39  3:13  Drone  
  39  3:16  Drone  
  39  3:19  Drone  
  42  3:21  Drone  
  42  3:26  Queen  
  45  3:28  Overlord  
  45  3:31  Drone  
  46  3:37  Drone  
  47  3:42  Drone  
  47  3:46  Queen  
  47  3:48  Drone  
  51  3:52  Drone  
  51  3:54  Drone  
  53  3:56  Overlord  
  53  3:57  Drone  
  53  3:59  Drone x2  
  53  4:02  Queen  
  58  4:03  Queen  
  58  4:06  Zergling x2  
  58  4:08  Overlord  
  58  4:09  Zergling x2  
  62  4:17  Zergling x4  
  62  4:18  Drone  
  62  4:19  Drone x2  
  62  4:20  Drone  
  62  4:22  Spore Crawler  
  67  4:30  Zergling x4  
  69  4:32  Queen, Overlord  
  69  4:35  Drone x3  
  69  4:36  Drone  
  69  4:37  Baneling Nest  
  74  4:41  Spore Crawler  
  74  4:42  Lair  
  74  4:44  Drone, Extractor  
  73  4:46  Drone x2  
  73  4:50  Overlord  
  75  4:54  Drone x2  
  75  4:56  Drone x2  
  75  4:57  Spore Crawler  
  78  5:04  Drone  
  78  5:05  Drone  
  80  5:11  Drone x2  
  80  5:12  Drone x3, Hatchery  
  84  5:19  Zergling x6  
  84  5:21  Overlord  
  87  5:22  Drone x3  
  90  5:32  Zergling x8  
  94  5:37  Overlord  
  94  5:39  Drone x2, Evolution Chamber x2  
  94  5:41  Overseer  
  94  5:42  Drone x2  
  96  5:43  Drone  
  96  5:49  Queen  
  97  5:51  Centrifugal Hooks  
  97  5:52  Zergling x4  
  97  5:54  Extractor  
  97  5:55  Baneling x3, Zergling x2  
  97  5:56  Zergling x12  
  107  6:02  Overlord  
  105  6:07  Overlord  
  105  6:08  Zergling x2  
  103  6:12  Queen  
  103  6:14  Overlord  
  103  6:17  Zerg Ground Armor Level 1  
  103  6:19  Queen, Overlord  
  103  6:22  Zergling x2  
  104  6:28  Zergling x14  
  104  6:29  Queen  
  104  6:31  Zergling x2  
  104  6:32  Zergling x2  
  111  6:35  Zergling x4  
  109  6:40  Zerg Melee Weapons Level 1  
  109  6:45  Zergling x2  
  109  6:46  Zergling x8  
  109  6:47  Zergling x10  
  110  6:49  Zergling x2  
  110  6:53  Zergling x2  
  107  6:55  Queen  
  107  6:58  Zergling x4  
  111  7:05  Zergling x6  
  111  7:06  Baneling x2, Queen  
  115  7:09  Zergling x2  
  115  7:13  Hatchery, Zergling x8  
  115  7:14  Zergling x2  
  107  7:19  Drone x2  
  107  7:22  Drone  
  110  7:30  Drone x9  
  110  7:33  Hydralisk Den  
  110  7:34  Baneling x7  
  118  7:38  Baneling x5  
  118  7:39  Overlord x2  
  118  7:41  Drone  
  118  7:42  Extractor  
  116  7:44  Drone  
  116  7:45  Hatchery  
  116  7:48  Pneumatized Carapace  
  116  7:49  Drone x4, Overseer  
  116  7:51  Overlord  
  120  7:52  Extractor  
  120  7:53  Drone x2  
  120  8:02  Zergling x12  
  120  8:03  Zergling x2  
  120  8:05  Spore Crawler  
  124  8:06  Zergling x6  
  124  8:13  Overlord  
  124  8:18  Zergling x18  
  126  8:26  Muscular Augments, Zerg Ground Armor Level 2  
  126  8:27  Drone x4  
  126  8:29  Overlord  
  126  8:30  Drone x3  
  126  8:31  Drone x2  
  135  8:35  Zergling x2  
  135  8:39  Zergling x10  
  141  8:41  Zerg Melee Weapons Level 2  
  141  8:47  Infestation Pit, Extractor  
  139  8:50  Zergling x10  
  139  8:53  Baneling x4  
  144  8:55  Zergling x4  
  144  8:57  Zergling x8  
  144  9:01  Zergling x22  
  160  9:04  Baneling x5, Overlord  
  160  9:09  Zergling x4  
  162  9:11  Zergling x2  
  162  9:12  Zergling x4  
  156  9:19  Zergling x4  
  156  9:23  Zergling x4, Hydralisk  
  156  9:24  Zergling x2  
  148  9:25  Hydralisk x2  
  148  9:26  Zergling x8, Hydralisk  
  149  9:34  Drone x4  
  149  9:35  Zergling x2, Extractor  
  149  9:36  Zergling x6  
  156  9:39  Overlord  
  156  9:41  Drone x3, Lurker Den  
  156  9:42  Extractor  
  157  9:46  Baneling x5  
  157  9:48  Zergling x10  
  157  9:51  Hatchery, Overseer  
  157  9:52  Overlord  
  161  9:53  Zergling x4  
  161  9:57  Zergling x8  
  167  10:02  Zergling x2  
  167  10:03  Zergling x6  
  167  10:04  Baneling x9  
  169  10:07  Spore Crawler, Drone  
  169  10:08  Drone x2  
  169  10:09  Hive  
  169  10:10  Spore Crawler, Zergling x14  
  167  10:14  Zergling x8  
  151  10:21  Hydralisk  
  151  10:22  Zergling x2, Hydralisk  
  155  10:30  Zergling x10, Hydralisk  
  155  10:34  Hydralisk x3  
  155  10:35  Zergling x22  
  173  10:41  Overlord  
  173  10:42  Zerg Missile Weapons Level 1  
  173  10:48  Baneling x11  
  173  10:54  Overseer  
  173  10:55  Baneling x2  
  173  10:56  Baneling x3, Drone x4  
  177  10:58  Drone x3, Extractor  
  177  10:59  Zergling x2  
  177  11:00  Zergling x10  
  184  11:04  Overlord  
  184  11:05  Zergling x2  
  184  11:06  Zergling x12  
  184  11:10  Overseer  
  185  11:12  Baneling  
  185  11:13  Baneling x7  
  178  11:19  Hydralisk  
  178  11:20  Zergling x22  
  178  11:23  Seismic Spines  
  179  11:28  Zerg Ground Armor Level 3  
  176  11:33  Zergling x16  
  175  11:46  Zergling x32  
  180  11:48  Hydralisk  
  174  11:56  Zergling x6, Hydralisk  
  174  11:57  Hydralisk  
  174  11:58  Zergling x2  
  174  11:59  Zergling x2, Hydralisk x2  
  174  12:00  Zergling x2  
  176  12:06  Hydralisk  
  176  12:07  Zergling x18  
  173  12:11  Zergling x2, Hydralisk x2  
  173  12:14  Hydralisk  
  173  12:15  Zergling x2  
  165  12:22  Adaptive Talons  
  165  12:25  Lurker x8  
  165  12:28  Baneling x9  
  173  12:38  Extractor  
  173  12:41  Zergling x22  
  183  12:49  Baneling x3  
  183  12:50  Baneling x3  
  177  12:53  Zergling x2  
  177  12:54  Zergling x20  
  177  12:57  Overlord  
  175  13:01  Overseer  
  170  13:07  Zergling x18  
  170  13:09  Overlord  
  176  13:20  Hydralisk x4  
  176  13:22  Zergling x18, Hydralisk  
  171  13:30  Adrenal Glands  
  171  13:33  Overseer  
  171  13:36  Nydus Network, Lurker x5  
  171  13:38  Zergling x10  
  180  13:43  Zergling x10  
  180  13:47  Lurker x3  
  182  13:54  Hatchery  
  180  13:59  Overseer  
  180  14:00  Zergling x2  
  180  14:01  Zergling x14  
  188  14:04  Overseer  
  188  14:05  Hatchery  
  187  14:10  Overlord  
  187  14:11  Drone  
  188  14:23  Overlord  
  187  14:28  Baneling x8  
  187  14:30  Viper x2  
  193  14:34  Zergling x2, Hydralisk  
  193  14:35  Zergling x12  
  193  14:37  Overlord  
  191  14:46  Hydralisk  
  191  14:47  Zergling x16  
  191  14:50  Baneling x5  
  179  14:59  Lurker x6  
  180  15:02  Zergling x2  
  180  15:03  Zergling x28  
  182  15:10  Hatchery  
  181  15:14  Hydralisk  
  181  15:15  Zergling x10  
  185  15:22  Nydus Canal  
  185  15:26  Hydralisk  
  185  15:27  Zergling x8  
  187  15:38  Hydralisk  
  187  15:39  Zergling x12  
  187  15:44  Nydus Canal  
  186  15:50  Hydralisk  
  186  15:51  Zergling x4  
  186  15:54  Overlord  
  188  15:59  Hatchery  
  188  16:00  Nydus Canal  
  187  16:12  Baneling x9  
  187  16:13  Infestor  
  187  16:14  Burrow  
  187  16:18  Zergling x32  
  192  16:19  Overseer  
  194  16:26  Nydus Canal  
  194  16:28  Lurker x3  
  194  16:30  Zergling x6  
  197  16:41  Nydus Canal  
  193  16:51  Hatchery  
  187  16:54  Zergling x12  
  187  16:55  Zergling x12  
  187  16:56  Nydus Canal  
  187  17:00  Overlord  
  199  17:04  Overlord  
  199  17:05  Overseer  
  190  17:09  Infestor, Hydralisk  
  190  17:10  Zergling x16  
  193  17:18  Zergling x6  
  190  17:22  Overlord  
  190  17:25  Hydralisk  
  190  17:26  Zergling x18  
  192  17:34  Hydralisk  
  192  17:35  Zergling x8  
  185  17:41  Zergling x2, Hydralisk  
  185  17:42  Zergling x4  
  168  17:51  Hydralisk x3  
  148  17:52  Zergling x2  
  155  18:00  Overseer  
  152  18:11  Lurker  
  146  18:16  Nydus Canal  
  146  18:23  Hydralisk  
  146  18:24  Hydralisk  
  149  18:31  Lurker x8  
  156  18:39  Overseer  
  153  18:46  Hydralisk x2  
  153  18:47  Zergling x8  
  161  18:55  Hydralisk  
Tags
 
Add a new tag
Caveats
  • Supply blocks, unpowered buildings, or Contaminate may cause inaccurate times.
  • Supply counts are checked every 10 seconds.